3A
MT. VERNON BULLS @ MYRTLE BEACH SEAHAWKS
08/19/2031
 
TOP OF THE 1ST
Mt. Vernon Bulls batting - Pitching for Myrtle Beach Seahawks : RHP Seung-jae Hwang
Pitching: RHP Seung-jae Hwang
Batting: RHB Jesse Francis 0-0: Ball
1-0: SINGLE (Flyball, 9S)
Batting: LHB Iván Soto 0-0: Fielders Choice at 2nd, 4-6 (Groundball, 4)
Batting: RHB Ramón Robles 0-0: Ball
1-0: Ball
2-0: Fly out, F8 (Flyball, 8RD)
Batting: SHB Tom Chagolla 0-0: Ball
1-0: Called Strike
1-1: Foul Ball, location: 2F
1-2: Ground out 4-3 (Groundball, 4)
Top of the 1st over - 0 runs, 1 hit, 0 errors, 1 left on base; Mt. Vernon 0 - Myrtle Beach 0
BOTTOM OF THE 1ST
Myrtle Beach Seahawks batting - Pitching for Mt. Vernon Bulls : LHP Andrew Valdés
Pitching: LHP Andrew Valdés
Batting: RHB Lucas Gallant 0-0: Ball
1-0: SINGLE (Groundball, 15S) (infield hit)
Batting: LHB Shohei Otani 0-0: Called Strike
0-1: Called Strike
0-2: Ball
1-2: Ball
2-2: Ball
3-2: Strikes out swinging
Batting: RHB Juan Mata 0-0: Ball
1-0: Ball
2-0: Ball
3-0: Called Strike
3-1: Base on Balls
Lucas Gallant to second
Batting: SHB Faradur Umrani 0-0: Called Strike
0-1: Ball
1-1: Foul Ball, location: 2F
1-2: Ball
2-2: Ball
3-2: Foul Ball, location: 2F
3-2: SINGLE (Line Drive, 4)
Lucas Gallant to third
Juan Mata to second
Lucas Gallant scores
Juan Mata to third
Batting: RHB Qu-bing Thien 0-0: SINGLE (Groundball, 6D)
Juan Mata scores
Faradur Umrani to second
Batting: LHB Felipe Soto 0-0: Ball
1-0: Foul Ball, location: 2F
1-1: Swinging Strike
1-2: Ball
2-2: Strikes out looking
Batting: LHB Marc Ben 0-0: Called Strike
0-1: Ground out U3 (Groundball, 3S)
Bottom of the 1st over - 2 runs, 3 hits, 0 errors, 2 left on base; Mt. Vernon 0 - Myrtle Beach 2
TOP OF THE 2ND
Mt. Vernon Bulls batting - Pitching for Myrtle Beach Seahawks : RHP Seung-jae Hwang
Batting: RHB Modesto González 0-0: Foul Ball, location: 2F
0-1: Ball
1-1: Ground out 6-3 (Groundball, 56)
Batting: RHB Bailey Gribbins 0-0: Ball
1-0: Fly out, F7 (Flyball, 7LM)
Batting: RHB Tong-sik Im 0-0: Called Strike
0-1: Ball
1-1: Ball
2-1: Foul Ball, location: 2F
2-2: Foul Ball, location: 2F
2-2: Ball
3-2: Base on Balls
Batting: RHB Hsin-ping Teoh 0-0: Called Strike
0-1: Ball
1-1: Ball
2-1: Swinging Strike
2-2: Strikes out looking
Top of the 2nd over - 0 runs, 0 hits, 0 errors, 1 left on base; Mt. Vernon 0 - Myrtle Beach 2
BOTTOM OF THE 2ND
Myrtle Beach Seahawks batting - Pitching for Mt. Vernon Bulls : LHP Andrew Valdés
Batting: LHB Anastasio Flores 0-0: Called Strike
0-1: Foul Ball, location: 2F
0-2: Strikes out swinging
Batting: RHB Bedrettin Suker 0-0: Ball
1-0: DOUBLE (Line Drive, 89D)
Batting: RHB Lucas Gallant 0-0: Called Strike
0-1: Foul Ball, location: 2F
0-2: Foul Ball, location: 2F
0-2: Foul Ball, location: 2F
0-2: Ground out 4-3 (Groundball, 4M)
Bedrettin Suker to third
Batting: LHB Shohei Otani 0-0: Called Strike
0-1: Ball
1-1: SINGLE (Line Drive, 8LS)
Bedrettin Suker scores
Batting: RHB Juan Mata 0-0: Swinging Strike
0-1: Fielders Choice at 2nd, 6-4 (Groundball, 6)
Bottom of the 2nd over - 1 run, 2 hits, 0 errors, 1 left on base; Mt. Vernon 0 - Myrtle Beach 3
TOP OF THE 3RD
Mt. Vernon Bulls batting - Pitching for Myrtle Beach Seahawks : RHP Seung-jae Hwang
Batting: RHB Shadi Zafar 0-0: Ball
1-0: Foul Ball, location: 2F
1-1: Foul Ball, location: 2F
1-2: Ball
2-2: Ground out 6-3 (Groundball, 6)
Batting: RHB Jesse Francis 0-0: Ground out 6-3 (Groundball, 6)
Batting: LHB Iván Soto 0-0: Fly out, F3 (Line Drive, 3)
Top of the 3rd over - 0 runs, 0 hits, 0 errors, 0 left on base; Mt. Vernon 0 - Myrtle Beach 3
BOTTOM OF THE 3RD
Myrtle Beach Seahawks batting - Pitching for Mt. Vernon Bulls : LHP Andrew Valdés
Batting: SHB Faradur Umrani 0-0: Ball
1-0: Ball
2-0: Called Strike
2-1: Foul Ball, location: 2F
2-2: Ball
3-2: SINGLE (Groundball, 56) (infield hit)
Batting: RHB Qu-bing Thien 0-0: Ball
1-0: Swinging Strike
1-1: Swinging Strike
1-2: Ball
2-2: Strikes out looking
Batting: LHB Felipe Soto 0-0: Ball
1-0: Foul Ball, location: 2F
1-1: Ball
2-1: Foul Ball, location: 2F
2-2: Strikes out swinging
Batting: LHB Marc Ben 0-0: Ball
1-0: Called Strike
1-1: Ball
2-1: Ball
3-1: Called Strike
3-2: Fly out, F8 (Flyball, 8RM)
Bottom of the 3rd over - 0 runs, 1 hit, 0 errors, 1 left on base; Mt. Vernon 0 - Myrtle Beach 3
TOP OF THE 4TH
Mt. Vernon Bulls batting - Pitching for Myrtle Beach Seahawks : RHP Seung-jae Hwang
Batting: RHB Ramón Robles 0-0: Foul Ball, location: 2F
0-1: Ground out 1-4-3 (Groundball, 15S)
Batting: SHB Tom Chagolla 0-0: Ball
1-0: Ball
2-0: Foul Ball, location: 2F
2-1: Foul Ball, location: 2F
2-2: Foul Ball, location: 2F
2-2: TRIPLE (Flyball, 89XD)
Batting: RHB Modesto González 0-0: Ball
1-0: Swinging Strike
1-1: Ball
2-1: Ground out 4-3 (Groundball, 4)
Tom Chagolla scores
Batting: RHB Bailey Gribbins 0-0: Swinging Strike
0-1: Ball
1-1: Ball
2-1: Ball
3-1: Foul Ball, location: 2F
3-2: Foul Ball, location: 2F
3-2: Foul Ball, location: 2F
3-2: Strikes out swinging
Top of the 4th over - 1 run, 1 hit, 0 errors, 0 left on base; Mt. Vernon 1 - Myrtle Beach 3
BOTTOM OF THE 4TH
Myrtle Beach Seahawks batting - Pitching for Mt. Vernon Bulls : LHP Andrew Valdés
Batting: LHB Anastasio Flores 0-0: Ball
1-0: Swinging Strike
1-1: Foul Ball, location: 2F
1-2: Strikes out swinging
Batting: RHB Bedrettin Suker 0-0: Ground out 5-3 (Groundball, 56S)
Batting: RHB Lucas Gallant 0-0: DOUBLE (Line Drive, 9LM)
Batting: LHB Shohei Otani 0-0: Called Strike
0-1: Called Strike
0-2: Ball
1-2: Foul Ball, location: 2F
1-2: Ball
2-2: Strikes out swinging
Bottom of the 4th over - 0 runs, 1 hit, 0 errors, 1 left on base; Mt. Vernon 1 - Myrtle Beach 3
TOP OF THE 5TH
Mt. Vernon Bulls batting - Pitching for Myrtle Beach Seahawks : RHP Seung-jae Hwang
Batting: RHB Tong-sik Im 0-0: Called Strike
0-1: Called Strike
0-2: Ball
1-2: Ball
2-2: Strikes out swinging
Batting: RHB Hsin-ping Teoh 0-0: Ground out 6-3 (Groundball, 6)
Batting: RHB Shadi Zafar 0-0: Ball
1-0: Ball
2-0: Ground out 1-3 (Groundball, 15S)
Top of the 5th over - 0 runs, 0 hits, 0 errors, 0 left on base; Mt. Vernon 1 - Myrtle Beach 3
BOTTOM OF THE 5TH
Myrtle Beach Seahawks batting - Pitching for Mt. Vernon Bulls : LHP Andrew Valdés
Batting: RHB Juan Mata 0-0: Ball
1-0: Hit by Pitch
Batting: SHB Faradur Umrani 0-0: Ball
1-0: Called Strike
1-1: Ball
2-1: 2-RUN HOME RUN (Line Drive, 7D), Distance : 418 ft
Batting: RHB Qu-bing Thien 0-0: Ball
1-0: Called Strike
1-1: Called Strike
1-2: Ball
2-2: Strikes out swinging
Batting: LHB Felipe Soto 0-0: Ball
1-0: Called Strike
1-1: Ground out 6-3 (Groundball, 6)
Batting: LHB Marc Ben 0-0: Ball
1-0: Called Strike
1-1: Fly out, F2 (Popup, 2LF)
Bottom of the 5th over - 2 runs, 1 hit, 0 errors, 0 left on base; Mt. Vernon 1 - Myrtle Beach 5
TOP OF THE 6TH
Mt. Vernon Bulls batting - Pitching for Myrtle Beach Seahawks : RHP Seung-jae Hwang
Batting: RHB Jesse Francis 0-0: Called Strike
0-1: Swinging Strike
0-2: Foul Ball, location: 2F
0-2: Strikes out swinging
Batting: LHB Iván Soto 0-0: DOUBLE (Groundball, 5L)
Batting: RHB Ramón Robles 0-0: Ball
1-0: Called Strike
1-1: Ball
2-1: Foul Ball, location: 2F
2-2: Ball
3-2: Foul Ball, location: 2F
3-2: Fly out, F9 (Flyball, 9S)
Batting: SHB Tom Chagolla 0-0: Ball
1-0: Called Strike
1-1: Called Strike
1-2: Ball
2-2: Foul Ball, location: 2F
2-2: Ball
3-2: Ground out 6-3 (Groundball, 6MS)
Top of the 6th over - 0 runs, 1 hit, 0 errors, 1 left on base; Mt. Vernon 1 - Myrtle Beach 5
BOTTOM OF THE 6TH
Myrtle Beach Seahawks batting - Pitching for Mt. Vernon Bulls : LHP Andrew Valdés
Pitching: LHP Ramón Negrón
Batting: LHB Anastasio Flores 0-0: Foul Ball, location: 2F
0-1: Ground out 5-3 (Groundball, 5)
Batting: RHB Bedrettin Suker 0-0: Swinging Strike
0-1: Ball
1-1: Called Strike
1-2: Foul Ball, location: 2F
1-2: Foul Ball, location: 2F
1-2: Foul Ball, location: 2F
1-2: Foul Ball, location: 2F
1-2: Strikes out swinging
Batting: RHB Lucas Gallant 0-0: Ball
1-0: Called Strike
1-1: Ball
2-1: Foul Ball, location: 2F
2-2: Ball
3-2: Foul Ball, location: 2F
3-2: Ground out 5-3 (Groundball, 5)
Bottom of the 6th over - 0 runs, 0 hits, 0 errors, 0 left on base; Mt. Vernon 1 - Myrtle Beach 5
TOP OF THE 7TH
Mt. Vernon Bulls batting - Pitching for Myrtle Beach Seahawks : RHP Seung-jae Hwang
Batting: RHB Modesto González 0-0: Called Strike
0-1: Ground out 6-3 (Groundball, 6)
Batting: RHB Bailey Gribbins 0-0: Ball
1-0: Ball
2-0: Ball
3-0: Base on Balls
Pitching: RHP Xiu-tou Song
Batting: RHB Tong-sik Im 0-0: Ball
1-0: Foul Ball, location: 2F
1-1: Hit by Pitch
Bailey Gribbins to second
Batting: RHB Hsin-ping Teoh 0-0: Called Strike
0-1: Fly out, F6 (Popup, 56)
Batting: RHB Shadi Zafar 0-0: SINGLE (Groundball, 4MD)
Bailey Gribbins to third
Tong-sik Im to second
Runner from 3rd tries for Home, throw and OUT!
Top of the 7th over - 0 runs, 1 hit, 0 errors, 2 left on base; Mt. Vernon 1 - Myrtle Beach 5
BOTTOM OF THE 7TH
Myrtle Beach Seahawks batting - Pitching for Mt. Vernon Bulls : LHP Ramón Negrón
Batting: LHB Shohei Otani 0-0: Ball
1-0: Called Strike
1-1: Called Strike
1-2: Foul Ball, location: 2F
1-2: Foul Ball, location: 2F
1-2: Ground out 4-3 (Groundball, 4)
Batting: RHB Juan Mata 0-0: Ball
1-0: Called Strike
1-1: Called Strike
1-2: Fly out, F8 (Flyball, 8RM)
Batting: SHB Faradur Umrani 0-0: Ball
1-0: Ball
2-0: Called Strike
2-1: Foul Ball, location: 2F
2-2: Strikes out looking
Bottom of the 7th over - 0 runs, 0 hits, 0 errors, 0 left on base; Mt. Vernon 1 - Myrtle Beach 5
TOP OF THE 8TH
Mt. Vernon Bulls batting - Pitching for Myrtle Beach Seahawks : RHP Xiu-tou Song
Batting: RHB Jesse Francis 0-0: Swinging Strike
0-1: Foul Ball, location: 2F
0-2: Strikes out looking
Batting: LHB Iván Soto 0-0: Ball
1-0: Called Strike
1-1: Fly out, F8 (Flyball, 8RS)
Batting: RHB Ramón Robles 0-0: Ball
1-0: Ball
2-0: DOUBLE (Line Drive, 9LM)
Batting: SHB Tom Chagolla 0-0: Called Strike
0-1: SINGLE (Line Drive, 9LS)
Ramón Robles to third
Runner from 3rd tries for Home, SAFE, no throw
Batting: RHB Modesto González 0-0: Ball
1-0: Ball
2-0: Fly out, F3 (Popup, 3F)
Top of the 8th over - 1 run, 2 hits, 0 errors, 1 left on base; Mt. Vernon 2 - Myrtle Beach 5
BOTTOM OF THE 8TH
Myrtle Beach Seahawks batting - Pitching for Mt. Vernon Bulls : LHP Ramón Negrón
Batting: RHB Qu-bing Thien 0-0: Ball
1-0: SINGLE (Flyball, 89S)
Batting: LHB Felipe Soto 0-0: Called Strike
0-1: Foul Ball, location: 2F
0-2: Ball
1-2: Ball
Passed Ball!
Qu-bing Thien to second
2-2: Ground out 4-3 (Groundball, 4)
Qu-bing Thien to third
Batting: LHB Marc Ben 0-0: Intentional Walk
Batting: LHB Anastasio Flores 0-0: Swinging Strike
0-1: Ball
1-1: Fly out, F8 (Flyball, 8LD)
Runner from 3rd tags up, OUT at HOME
Bottom of the 8th over - 0 runs, 1 hit, 0 errors, 1 left on base; Mt. Vernon 2 - Myrtle Beach 5
TOP OF THE 9TH
Mt. Vernon Bulls batting - Pitching for Myrtle Beach Seahawks : RHP Xiu-tou Song
Batting: RHB Bailey Gribbins 0-0: SINGLE (Line Drive, 6M)
Batting: RHB Tong-sik Im 0-0: Called Strike
0-1: Called Strike
0-2: Ball
Wild Pitch!
Bailey Gribbins to second
1-2: Fly out, F9 (Flyball, 89D)
Batting: RHB Hsin-ping Teoh 0-0: Called Strike
0-1: Ball
1-1: Ball
2-1: Ball
3-1: Foul Ball, location: 2F
3-2: SINGLE (Line Drive, 6MD)
Bailey Gribbins to third
Batting: RHB Shadi Zafar 0-0: Ball
1-0: Foul Ball, location: 2F
Pickoff Throw to First - Out!
1-1: Called Strike
1-2: Strikes out swinging
Top of the 9th over - 0 runs, 2 hits, 0 errors, 1 left on base; Mt. Vernon 2 - Myrtle Beach 5
Tuesday, June 12th, 2018 - OOTP Baseball 18.8 Build 76